 Dungeon Crawl Stone Soup version 0.31-a0-569-g7ea453304b (webtiles) character file.

Game seed: 16646371822456110990

52423 Conn the Thaumaturge (level 13, -2/141 HPs)
             Began as a Demigod Fire Elementalist on Aug 17, 2023.
             Slain by a catoblepas (6 damage)
             ... while petrified by a catoblepas
             ... on level 5 of the Lair of Beasts on Aug 18, 2023.
             The game lasted 01:19:24 (21465 turns).

Conn the Thaumaturge (Demigod Fire Elementalist)   Turns: 21465, Time: 01:19:24

Health: -2/141     AC: 28    Str: 13    XL:     13   Next: 94%
Magic:  0/34       EV:  2    Int: 32    God:
Gold:   510        SH:  0    Dex: 21    Spells: 6/37 levels left

rFire   . . .        w - staff of cold
rCold   + . .        (no shield)
rNeg    + + +        r - melded +2 leather armour {rF+}
rPois   ∞            c - melded +2 hat
rElec   .            n - melded +2 cloak "Zira" {rElec Str+2 Int+2}
rCorr   +            B - melded +1 pair of gloves
SInv    .            f - melded +2 pair of boots
Will    +....        A - amulet of reflection
Stlth   ++++         e - ring of the Octopus King {rCorr HP+2 AC+2 EV+2 SH+2}
HPRegen 0.43/turn    u - +6 ring of dexterity
MPRegen 0.24/turn

%: reflection
@: tree-form (expiring), petrified, very slightly contaminated
A: stationary, stasis, torment immunity, boosted hp, high MP 1, forlorn, divine
attributes, thin skeletal structure 1, strong 1, wild magic 1
a: no special abilities


You were on level 5 of the Lair of Beasts.
You were a tree.
You visited 4 branches of the dungeon, and saw 19 of its levels.

You collected 1580 gold pieces.
You spent 1070 gold pieces at shops.

Inventory:

Hand Weapons
 d - a +1 dagger of chaos
 j - a +0 short sword
 o - the +3 spear of Xom's Condemnation {antimagic, rPois rN+ Dex-5 Stlth+}
   (You found it on level 7 of the Dungeon)

   Dex-5:     It affects your dexterity (-5).
   rPois:     It protects you from poison rN+: It protects you from negative
   energy.
   Stlth+:    It makes you more stealthy.
 q - a +0 short sword of protection
 G - a +2 short sword of protection
Missiles
 m - 6 datura-tipped darts (quivered)
 s - 3 curare-tipped darts
 K - 2 throwing nets
Armour
 a - a +0 robe
 b - the +1 leather armour "Qumpal" {Will- Str+7 Int+2}
   (You bought it in a shop on level 2 of the Orcish Mines)

   Str+7:     It affects your strength (+7).
   Int+2:     It affects your intelligence (+2).
   Will-:     It decreases your willpower.
 c - a +2 hat (melded)
 f - a +2 pair of boots (melded)
 n - the +2 cloak "Zira" (melded) {rElec Str+2 Int+2}
   (You acquired it on level 8 of the Dungeon)

   Str+2:     It affects your strength (+2).
   Int+2:     It affects your intelligence (+2).
   rElec:     It insulates you from electricity.
 r - a +2 leather armour of fire resistance (melded)
 y - a +0 buckler
 B - a +1 pair of gloves (melded)
Magical Staves
 w - a staff of cold (weapon)
Jewellery
 e - a ring of the Octopus King (left branch) {rCorr HP+2 AC+2 EV+2 SH+2}
   (You bought it in a shop on level 2 of the Orcish Mines)

   [ring of resist corrosion]

   AC+2:      It affects your AC (+2).
   EV+2:      It affects your evasion (+2).
   HP+2:      It affects your health (+2).
   rCorr:     It protects you from acid and corrosion.
   SH+2:      It affects your SH (+2).
 u - a +6 ring of dexterity (right branch)
 x - a ring of willpower
 A - an amulet of reflection (around neck)
 D - a ring of resist corrosion
 N - a ring of protection from fire
Wands
 p - a wand of flame (51)
 C - a wand of iceblast (6)
 L - a wand of paralysis (2)
 O - a wand of quicksilver (6)
Scrolls
 h - 2 scrolls of immolation
 i - 2 scrolls of silence
 l - 6 scrolls of enchant weapon
 t - 2 scrolls of fog
 v - a scroll of amnesia
 H - 11 scrolls of identify
 J - 2 scrolls of vulnerability
 M - a scroll of poison
Potions
 k - a potion of curing
 z - a potion of enlightenment
 I - a potion of lignification
 P - a potion of might


   Skills:
 + Level 2.2 Fighting
 + Level 2.1 Short Blades
 + Level 0.2 Throwing
 + Level 5.6 Armour
 + Level 4.1 Dodging
 + Level 4.1 Stealth
 + Level 1.5 Shields
 * Level 12.9 Spellcasting
 * Level 8.8 Conjurations
 + Level 1.9 Hexes
 - Level 7.1 Summonings
 - Level 5.2 Translocations
 + Level 10.6 Fire Magic
 * Level 3.7 Air Magic
 + Level 0.5 Evocations


You had 6 spell levels left.
You knew the following spells:

 Your Spells              Type           Power      Damage    Failure   Level
a - Foxfire               Conj/Fire      100%       2x1d9     1%          1
b - Scorch                Fire           100%       2d9       1%          2
c - Inner Flame           Hex/Fire       68%        N/A       1%          3
d - Flame Wave            Conj/Fire      83%        2d18      1%          4
e - Summon Forest         Summ/Tloc      34%        N/A       8%          5
f - Blink                 Tloc           100%       N/A       1%          2
g - Summon Cactus Giant   Summ           36%        N/A       26%         6
h - Stone Arrow           Conj/Erth      100%       3d13      2%          3
i - Arcjolt               Conj/Air       34%        1d44      8%          5

Your spell library contained the following spells:

 Spells                   Type           Power      Damage    Failure   Level
 Apportation              Tloc           100%       N/A       1%          1
 Lesser Beckoning         Tloc           100%       N/A       1%          2
 Momentum Strike          Conj/Tloc      100%       3d10      1%          2
 Volatile Blastmotes      Fire/Tloc      100%       2d18      1%          3
 Vhi's Electric Charge    Tloc/Air       100%       N/A       2%          3
 Sandblast                Erth           52%        2d12      4%          1
 Passwall                 Tmut/Erth      21%        N/A       6%          2
 Animate Armour           Summ/Erth      100%       N/A       9%          4
 Frozen Ramparts          Ice            80%        1d13      11%         3
 Petrify                  Tmut/Erth      26%        N/A       30%         4
 Metabolic Englaciation   Hex/Ice        25%        N/A       47%         5
 Alistair's Intoxication  Tmut/Pois      17%        N/A       63%         5
 Maxwell's Capacitive Co  Air            27%        ∞         100%        8
 Chain Lightning          Conj/Air       34%        3d45      100%        9


Dungeon Overview and Level Annotations

Branches:
Dungeon (11/15)            Temple (1/1) D:4            Lair (5/5) D:10
 Shoals (0/4) Lair:2       Spider (0/4) Lair:2        Slime (0/5) Lair:4
    Orc (2/2) D:11            Elf (0/3) Orc:2

Shops:
D:3 (   Orc:1 **   Orc:2 =(*[


Innate Abilities, Weirdness & Mutations

You are a tree.
Your roots penetrate the ground, keeping you stationary.
You cannot be teleported.
You are immune to unholy pain and torment.
Your maximum health is greatly increased.
You are immune to poison.
Your equipment is partially melded.
You have an increased reservoir of magic. (+10% MP)
You shall have no god before yourself.
Your divine heritage dramatically boosts your attributes as you level up.
You have a somewhat thin skeletal structure. (Dex +2, Stealth+)
Your muscles are strong. (Str +4, Int/Dex -1)
Your spells are a little harder to cast, but a little more powerful.


Message History

You are engulfed in calcifying dust.
Your limbs have turned to stone.
The cane toad stings you!
* * * LOW HITPOINT WARNING * * *
The nameless horror hits the cane toad!!
The catoblepas gores you.
* * * LOW HITPOINT WARNING * * *
The cane toad stings you but does no damage.
The catoblepas breathes a plume of calcifying dust at you.
The blast of calcifying dust hits you but does no damage.
The nameless horror barely misses the cane toad.
You have turned to stone.
You are engulfed in calcifying dust.
The cane toad stings you but does no damage.
The catoblepas breathes a plume of calcifying dust at you.
The blast of calcifying dust hits you but does no damage.
The catoblepas gores you!
* * * LOW HITPOINT WARNING * * *
The cane toad stings the catoblepas!!
The nameless horror hits the cane toad!!
The cane toad dies!
The catoblepas bellows!
You feel less attractive to monsters.
You are engulfed in calcifying dust.
The catoblepas breathes a plume of calcifying dust at you.
The blast of calcifying dust hits you but does no damage.
The catoblepas gores you but does no damage.
You are engulfed in calcifying dust.
The catoblepas breathes a plume of calcifying dust at you.
The blast of calcifying dust hits you but does no damage.
The catoblepas gores you!
* * * LOW HITPOINT WARNING * * *
The nameless horror hits you but does no damage.
The catoblepas gores you but does no damage.
The catoblepas gores you!
* * * LOW HITPOINT WARNING * * *
The nameless horror hits you!
* * * LOW HITPOINT WARNING * * *
You feel your power leaking away. The catoblepas gores you!
You die...

.........##/...
#...........P
#.........#
#.....Y.## #..†.....#
#.......# #..†.[##...
#####§....#...
#####.♣#§..........
#.P..XYY...........
###P.........P.......
#.#..................
##......#....#......P
#.......#..###......
#####.......## ......
##.###.[..#.P# .....
##....#.......##.. ..


You could see 2 catoblepae and a nameless horror.

Vanquished Creatures
  Gastronok (D:9)
  An orc warlord (Orc:1)
  The ghost of bigdave the Cleaver, a journeyman MiFi of the Shining One (Lair:1)
  An ettin (Orc:2)
  A catoblepas (Lair:1)
  A hydra (Lair:4)
  2 ogre magi (Orc:2)
  A boulder beetle (D:11)
  8 two-headed ogres
  Urug (Lair:4)
  A skyshark (Lair:5)
  Amaemon (D:8)
  A deep troll (Orc:2)
  A lindwurm (Lair:3)
  An orc knight (Orc:1)
  An orc sorcerer (Orc:2)
  4 cyclopes
  An oklob plant (Lair:3)
  An elephant (Lair:4)
  A black mamba (Lair:3)
  An orange demon (D:8)
  2 torpor snails
  10 cane toads
  2 rime drakes
  2 kobold demonologists (D:11)
  7 komodo dragons
  5 polar bears
  10 trolls
  Prince Ribbit (D:6)
  11 blink frogs
  A vampire (D:11)
  2 wyverns
  48 yaks
  A wraith (D:11)
  3 basilisks
  A steam dragon (Lair:4)
  3 redbacks (Lair:2)
  2 vampire mosquitoes (D:11)
  4 wargs (Orc:1)
  17 water moccasins
  An ice beast (D:7)
  A sky beast (D:7)
  A hornet zombie (D:7)
  13 orc warriors
  A black bear (D:4)
  22 ogres
  3 wolves (Lair:2)
  5 centaurs
  Blork the orc (D:5)
  3 kobold brigands
  9 bullfrogs
  3 necrophages (D:7)
  3 scorpions
  A gnoll sergeant (D:8)
  11 wights
  5 killer bees (D:8)
  12 howler monkeys
  3 electric eels (Lair:2)
  A centaur zombie (D:7)
  A crimson imp (D:3)
  A bullfrog zombie (D:7)
  A human zombie (D:7)
  4 jellies
  A gnoll bouda (D:5)
  8 orc priests
  3 hounds
  3 iguanas
  21 orc wizards
  2 killer bee zombies (D:7)
  2 mummies (D:7)
  8 gnolls
  9 adders
  3 shadow imps
  A white imp (D:7)
  3 ufetubi
  3 worms
  2 dart slugs
  87 orcs
  4 ball pythons
  9 endoplasms
  4 giant cockroaches
  3 goblins
  8 hobgoblins
  4 jackals (D:5)
  6 quokkas
  3 bats (D:1)
  2 frilled lizards
  18 kobolds
  8 rats
  3 snaplasher vines
498 creatures vanquished.

Vanquished Creatures (collateral kills)
  2 two-headed ogres (Orc:2)
  A skyshark (Lair:4)
  A deep troll (Orc:2)
  3 elephants (Lair:4)
  2 trolls (Orc:2)
  2 blink frogs (Lair:4)
  A yak (Lair:4)
  A wyvern (Lair:5)
  An orc warrior (Orc:2)
  An ogre (Orc:2)
  An orc priest (Orc:2)
  An orc (Orc:2)
  9 foxfires (Lair:3)
26 creatures vanquished.

Vanquished Creatures (others)
  A cane toad (Lair:5)
  3 bullfrogs
  951 foxfires
  2 snaplasher vines
957 creatures vanquished.

Grand Total: 1481 creatures vanquished

Notes
Turn   | Place    | Note
-------+----------+-------------------------------------------
     0 | D:1      | Conn the Demigod Fire Elementalist began the quest for the
                  | Orb.
     0 | D:1      | Reached XP level 1. HP: 14/14 MP: 5/5
   255 | D:1      | Got the Atlas of Lofty Mustering
   289 | D:1      | Reached XP level 2. HP: 20/20 MP: 4/7
   524 | D:1      | Reached skill level 1 in Conjurations
   799 | D:1      | Learned a level 2 spell: Scorch
   830 | D:2      | Reached skill level 2 in Spellcasting
  1021 | D:2      | Reached XP level 3. HP: 7/26 MP: 3/8
  1752 | D:3      | Found Qeruvethy's Antique Weapon Shoppe.
  2006 | D:3      | Reached XP level 4. HP: 14/34 MP: 3/10
  2703 | D:3      | Learned a level 3 spell: Inner Flame
  2962 | D:3      | Reached XP level 5. HP: 38/39 MP: 5/12
  3072 | D:4      | Reached skill level 3 in Spellcasting
  3454 | D:4      | Found a staircase to the Ecumenical Temple.
  3473 | D:4      | Reached skill level 1 in Armour
  3592 | Temple   | Entered the Ecumenical Temple
  3789 | D:4      | Noticed a black bear
  3793 | D:4      | Killed a black bear
  3794 | D:4      | Reached XP level 6. HP: 46/46 MP: 9/14
  4179 | D:4      | Reached skill level 4 in Spellcasting
  4525 | D:5      | Entered Level 5 of the Dungeon
  4650 | D:5      | Reached XP level 7. HP: 51/51 MP: 8/16
  4711 | D:5      | Noticed Blork the orc
  4717 | D:5      | Killed Blork the orc
  4985 | D:5      | Reached skill level 1 in Short Blades
  5318 | D:5      | Reached skill level 5 in Spellcasting
  5817 | D:6      | Noticed Prince Ribbit
  5819 | D:6      | Reached skill level 1 in Fighting
  5819 | D:6      | Reached XP level 8. HP: 58/59 MP: 14/19
  5828 | D:6      | Killed Prince Ribbit
  5829 | D:6      | Reached skill level 5 in Fire Magic
  6104 | D:6      | Reached skill level 6 in Spellcasting
  6577 | D:6      | Learned a level 4 spell: Flame Wave
  6583 | D:6      | Learned a level 5 spell: Summon Forest
  7123 | D:7      | Reached skill level 1 in Summonings
  7247 | D:7      | Reached XP level 9. HP: 50/64 MP: 9/23
  7362 | D:7      | Identified the +3 spear of Xom's Condemnation {antimagic,
                  | rPois rN+ Dex-5 Stlth+}
  7754 | D:7      | Reached skill level 7 in Spellcasting
  8219 | D:8      | Noticed Amaemon
  8490 | D:8      | Identified a scroll of acquirement
  8491 | D:8      | Acquired the +2 cloak "Zira" {rElec Str+2 Int+2}
  8617 | D:8      | Reached skill level 5 in Conjurations
  8819 | D:8      | Reached skill level 8 in Spellcasting
  9156 | D:8      | Noticed an orange demon
  9160 | D:8      | Killed Amaemon
  9161 | D:8      | Reached XP level 10. HP: 71/71 MP: 15/26
  9575 | D:9      | Noticed Gastronok
  9582 | D:9      | Reached skill level 9 in Spellcasting
 10111 | D:9      | Killed Gastronok
 10884 | D:10     | Entered Level 10 of the Dungeon
 10895 | D:10     | Reached skill level 5 in Armour
 10896 | D:10     | Reached XP level 11. HP: 68/77 MP: 9/29
 11428 | D:10     | Noticed a two-headed ogre
 11433 | D:10     | Killed a two-headed ogre
 11489 | D:10     | Learned a level 2 spell: Blink
 11624 | D:10     | Found a staircase to the Lair.
 12209 | D:11     | Reached skill level 10 in Spellcasting
 12234 | D:11     | Noticed a two-headed ogre
 12342 | D:11     | Killed a two-headed ogre
 12343 | D:11     | Reached skill level 1 in Shields
 12343 | D:11     | Reached skill level 1 in Hexes
 12343 | D:11     | Reached skill level 1 in Translocations
 12545 | D:11     | Reached skill level 5 in Summonings
 12723 | D:11     | Noticed a boulder beetle
 12734 | D:11     | Killed a boulder beetle
 12877 | D:11     | Found a staircase to the Orcish Mines.
 13136 | Orc:1    | Entered Level 1 of the Orcish Mines
 13221 | Orc:1    | Noticed an orc knight
 13230 | Orc:1    | Killed an orc knight
 13547 | Orc:2    | Entered Level 2 of the Orcish Mines
 13793 | Orc:1    | Noticed an orc warlord
 13793 | Orc:1    | Found Peurghogi's General Store.
 13810 | Orc:2    | Noticed a two-headed ogre
 13815 | Orc:2    | Killed a two-headed ogre
 13828 | Orc:2    | Noticed an ettin
 13830 | Orc:2    | Noticed a deep troll
 14046 | Orc:2    | Noticed a deep troll
 14051 | Orc:2    | Killed a deep troll
 14052 | Orc:2    | Reached XP level 12. HP: 46/85 MP: 19/31
 14074 | Orc:2    | Found a staircase to the Elven Halls.
 14463 | Orc:2    | Found Qenoecaj's Weapon Boutique.
 14500 | Orc:2    | Found Rijemor's Antique Armour Emporium.
 14505 | Orc:2    | Found Xyeteo's Jewellery Shop.
 14506 | Orc:2    | Found Zuhato's Assorted Antiques.
 14508 | Orc:2    | Bought a dazzling leather armour for 224 gold pieces
 14508 | Orc:2    | Identified the +1 leather armour "Qumpal" {Will- Str+7
                  | Int+2} (You bought it in a shop on level 2 of the Orcish
                  | Mines)
 14537 | Orc:2    | Killed an ettin
 14538 | Orc:2    | Reached skill level 11 in Spellcasting
 14581 | Orc:2    | Noticed an ogre mage
 14665 | Orc:1    | Killed an orc warlord
 14665 | Orc:1    | HP: 4/83 [cloud of flame (5)]
 14931 | Orc:1    | Found Daelomoa's Specific Store.
 15265 | Orc:2    | Noticed an ogre mage
 15270 | Orc:2    | Paralysed by something for 3 turns
 15278 | Orc:2    | Killed an ogre mage
 15279 | Orc:2    | Killed an ogre mage
 15502 | Orc:2    | Bought a ring of the Octopus King {rCorr HP+2 AC+2 EV+2
                  | SH+2} for 846 gold pieces
 15502 | Orc:2    | Found the ring of the Octopus King {rCorr HP+2 AC+2 EV+2
                  | SH+2}
 15928 | Lair:1   | Entered Level 1 of the Lair of Beasts
 15953 | Lair:1   | Reached skill level 5 in Translocations
 15954 | Lair:1   | Noticed a catoblepas
 15996 | Lair:1   | Killed a catoblepas
 15997 | Lair:1   | Reached XP level 13. HP: 83/91 MP: 4/33
 16233 | Lair:1   | Learned a level 6 spell: Summon Cactus Giant
 16234 | Lair:1   | Upgraded the game from 0.31-a0-559-g03b8d61ab2 to
                  | 0.31-a0-569-g7ea453304b
 16434 | Lair:1   | Found a runed translucent door.
 16439 | Lair:1   | Noticed bigdave's ghost (journeyman MiFi)
 16908 | Lair:1   | Learned a level 3 spell: Stone Arrow
 16914 | Lair:1   | Learned a level 5 spell: Arcjolt
 17218 | Lair:1   | Killed bigdave's ghost
 17334 | Lair:2   | Found a staircase to the Shoals.
 17597 | Lair:2   | Reached skill level 1 in Air Magic
 17788 | Lair:2   | Reached skill level 10 in Fire Magic
 17885 | Lair:2   | Identified the +6 scale mail of Divine Compulsion {MP+9}
 17898 | Lair:2   | Found a hole to the Spider Nest.
 18505 | Lair:3   | Reached skill level 12 in Spellcasting
 19878 | Lair:4   | Found a runed translucent door.
 19906 | Lair:4   | Noticed Urug
 19913 | Lair:4   | Killed Urug
 20666 | Lair:4   | Found a staircase to the Slime Pits.
 21046 | Lair:5   | Entered Level 5 of the Lair of Beasts
 21444 | Lair:5   | Gained mutation: You have a somewhat thin skeletal
                  | structure. (Dex +2, Stealth+) [potion of mutation]
 21444 | Lair:5   | Gained mutation: Your muscles are strong. (Str +4, Int/Dex
                  | -1) [potion of mutation]
 21444 | Lair:5   | Gained mutation: Your spells are a little harder to cast,
                  | but a little more powerful. [potion of mutation]
 21464 | Lair:5   | HP: 4/141 [nameless horror[miscasting Summon Cactus Giant]
                  | (5)]
 21465 | Lair:5   | Slain by a catoblepas

Illustrated notes

Levels and vault maps discovered:
D:1:      dpeg_arrival_round_b, layout_basic
D:2:      layout_loops_ring, basic_altar
D:3:      layout_loops_ring, mainiacjoe_overflow_paths,
          grunt_temple_overflow_champion_of_chaos, serial_shops, shop,
          chequers_serial_rivers_micro_a
D:4:      layout_loops_corners, minmay_temple_entry_sparse_star,
          serial_aquarium, aquarium_bridge_square [aquarium_subvault_bridge,
          aquarium_subvault_wall, aquarium_subvault_bridge,
          aquarium_subvault_balcony], aquarium_bridge_straight
          [aquarium_subvault_bridge, aquarium_subvault_window,
          aquarium_subvault_bridge, aquarium_subvault_wall],
          aquarium_window_fake, aquarium_window_fake, aquarium_window_2,
          aquarium_view_2e, aquarium_view_2g, aquarium_pool_split
D:5:      cheibrodos_helix_gallery, layout_basic,
          mainiacjoe_overflow_cross_hatched, uniq_blork_the_orc
D:6:      layout_cave_pods, mainiacjoe_overflow_tiny_flanked,
          lemuel_doored_altar, uniq_prince_ribbit1
D:7:      layout_loops_ring, lemuel_mausoleum_altar_kikubaaqudgha,
          mainiacjoe_overflow_surrounded_room, kennysheep_flooded_box
D:8:      layout_loops_ring, lemuel_crystal_altar, uniq_amaemon
D:9:      layout_loops_cross, nicolae_uskayaw_suspiria, uniq_gastronok
D:10:     layout_loops_ring, mainiacjoe_overflow_boulevard, kennysheep_mini,
          general_overflow_altar
D:11:     layout_basic, orc_0_dummy, serial_curves, eino_curves_04,
          eino_curves_03, nicolae_gozag_seed_capital
Temple:   nicolae_temple_ecumenical_triangle
Lair:1:   layout_long_grid, ebering_ghost_reflecting_pool,
          infiniplex_staircase_pool_2, grunt_megastairs_5
Lair:2:   layout_regular_city, elwin_shoals_entry_rocks, spider_nest_entry_webs,
          disabler_island
Lair:3:   layout_big_grid, tgw_fedhas
Lair:4:   layout_long_grid, slime_entry_2, beast_lair_carwin_8, uniq_urug
Lair:5:   minmay_lair_end_enchanted_forest, layout_misc_corridors,
          lemuel_fruit_tree, serial_bayou_shore_a, lemuel_fruit_fields
Orc:1:    layout_caves, basic_altar, nicolae_specific_store
Orc:2:    st_orc_open, layout_caves, basic_altar

Skill      XL: |  1  2  3  4  5  6  7  8  9 10 11 12 13 |
---------------+----------------------------------------+-----
Fire Magic     | 3 4 5 6 7 8 9 10 | 10.6
Conjurations   | 1 2 3 4 5 6 8 |  8.8
Spellcasting   | 2 3 4 5 6 8 9 10 11 12 | 12.9
Stealth        | 2 3 4 |  4.1
Dodging        | 2 3 4 |  4.1
Armour         | 1 2 3 4 5 |  5.6
Short Blades   | 1 2 |  2.1
Fighting       | 1 2 |  2.2
Summonings     | 1 3 4 5 7 |  7.1
Shields        | 1 |  1.5
Hexes          | 1 |  1.9
Translocations | 3 5 |  5.2
Air Magic      | 3 |  3.7
Throwing       | |  0.2
Evocations     | |  0.5

Action                     |  1- 3 |  4- 6 |  7- 9 | 10-12 | 13-15 || total
---------------------------+-------+-------+-------+-------+-------++-------
  Melee: Unarmed           |    22 |       |       |       |       ||    22
         Punch             |     3 |       |     3 |     1 |     1 ||     8
         Short sword       |    53 |    14 |    35 |    86 |    26 ||   214
         Dagger            |       |    38 |    76 |       |       ||   114
         Staff             |       |       |       |       |    37 ||    37
  Throw: Dart              |       |       |     4 |     6 |     3 ||    13
   Cast: Foxfire           |    60 |    61 |   104 |   182 |   137 ||   544
         Scorch            |     5 |    25 |    70 |   102 |    82 ||   284
         Inner Flame       |       |     1 |     9 |    27 |     8 ||    45
         Flame Wave        |       |       |    21 |    52 |    44 ||   117
         Blink             |       |       |       |     6 |     4 ||    10
         Summon Forest     |       |       |       |     4 |     3 ||     7
         Summon Cactus Gia |       |       |       |       |     3 ||     3
  Evoke: Wand              |       |       |       |    11 |     7 ||    18
    Use: Potion            |     1 |     1 |     6 |    11 |     6 ||    25
         Scroll            |       |       |    16 |     9 |     3 ||    28
   Stab: Sleeping          |     3 |     1 |     5 |     1 |       ||    10
         Invisible         |       |       |     3 |       |       ||     3
         Paralysed         |       |       |       |     4 |       ||     4
         Distracted        |       |       |       |       |     1 ||     1
 Armour: Robe              |    11 |     1 |       |       |       ||    12
         Leather armour    |       |    30 |    45 |   103 |    41 ||   219
         Skin              |       |       |       |       |    43 ||    43
  Dodge: Dodged            |    57 |    55 |    89 |   173 |    76 ||   450
  Block: Other             |       |       |    23 |    48 |    50 ||   121
         Reflection        |       |       |     2 |     2 |       ||     4

Table legend: (Time is in decaauts)
 A = Elapsed time spent in this place.
 B = Non-inter-level travel time spent in this place.
 C = Inter-level travel time spent in this place.
 D = Time resting spent in this place.
 E = Time spent auto-exploring this place.
 F = Levels seen in this place.
 G = Mean time per level.
                   A        B        C        D        E       F      G
               +--------+--------+--------+--------+--------+-----+--------+
         Total |  21462 |  21008 |    454 |   2102 |  13329 |  19 | 1129.6 |
       Dungeon |  13163 |  12847 |    316 |   1007 |   8694 |  11 | 1196.6 |
        Temple |     33 |     33 |      0 |      0 |      0 |   1 |   33.0 |
          Lair |   5582 |   5514 |     68 |    261 |   3710 |   5 | 1116.4 |
  Orcish Mines |   2682 |   2613 |     69 |    834 |    925 |   2 | 1341.0 |
               +--------+--------+--------+--------+--------+-----+--------+

Top non-repeatable levels by time:
     D:7: 1800 daAuts
   Orc:2: 1448 daAuts
  Lair:2: 1429 daAuts
     D:4: 1426 daAuts
  Lair:1: 1420 daAuts
  Lair:4: 1400 daAuts
     D:3: 1339 daAuts
     D:8: 1298 daAuts
    D:10: 1268 daAuts
   Orc:1: 1234 daAuts
     D:9: 1145 daAuts
     D:6: 1116 daAuts
    D:11: 1071 daAuts
     D:5: 973 daAuts
  Lair:3: 910 daAuts
